 Dungeon Crawl Stone Soup version 0.22-a0-292-g0df9d5f (webtiles) character file.

7178 Amnesiac the Zephyrmancer (level 11, 0/54 HPs)
             Began as a Tengu Air Elementalist on Mar 23, 2018.
             Was a High Priest of Sif Muna.
             Slain by a four-headed hydra (17 damage)
             ... on level 10 of the Dungeon.
             The game lasted 00:14:41 (8347 turns).

Amnesiac the Zephyrmancer (Tengu Air Elementalist)  Turns: 8347, Time: 00:14:42

Health: 0/54       AC:  3    Str:  9    XL:     11   Next: 11%
Magic:  0/28       EV: 13    Int: 18    God:    Sif Muna [*****.]
Gold:   456        SH:  0    Dex: 15    Spells: 15/35 levels left

rFire    . . .     SeeInvis +   u - +9 quarterstaff of Flawed Execution {flame, *Corrode rElec rPois}
rCold    . . .     Gourm    .   (shield currently unavailable)
rNeg     + . .     Faith    .   E - +0 robe {rN+}
rPois    +         Spirit   +   (helmet restricted)
rElec    +         Reflect  .   (no cloak)
rCorr    .         Harm     .   n - +0 pair of gloves
MR       .....                  (boots unavailable)
Stlth    ++........             s - amulet of guardian spirit
HPRegen  0.18/turn              k - ring of see invisible
MPRegen  0.21/turn              (no ring)

@: very slightly contaminated, no casting
A: beak, talons 3, able to fly 1
a: Fly, Stop Divine Energy, Channel Magic, Forget Spell, Renounce Religion


You were on level 10 of the Dungeon.
You worshipped Sif Muna.
Sif Muna was extremely pleased with you.
You were not hungry.

You visited 1 branch of the dungeon, and saw 10 of its levels.

You collected 516 gold pieces.
You spent 60 gold pieces at shops.

Inventory:

Hand Weapons
 u - the +9 quarterstaff of Flawed Execution (weapon) {flame, *Corrode rElec rPois}
   (You found it on level 4 of the Dungeon)

   It has been specially enchanted to burn those struck by it, causing extra
   injury to most foes and up to half again as much damage against particularly
   susceptible opponents.
   It insulates you from electricity.
   It protects you from poison.
   It may corrode you when you take damage.
Missiles
 h - 38 poisoned needles
Armour
 n - a +0 pair of gloves (worn)
 o - a scarf of spirit shield
 y - a +0 buckler
 E - a +0 robe of positive energy (worn)
Jewellery
 k - a ring of see invisible (left hand)
 s - an amulet of guardian spirit (around neck)
Wands
 q - a wand of paralysis (27)
Scrolls
 a - 11 scrolls of remove curse {!r}
 b - 3 scrolls of magic mapping {!r}
 j - 6 scrolls of teleportation {!r}
 p - a scroll of identify {!r}
 r - 2 scrolls of amnesia {!r}
 A - a scroll of blinking {!r}
Potions
 d - 2 potions of heal wounds {!q}
 e - 2 potions of lignification {!q}
 g - 3 potions of degeneration {!q, unknown}
 i - a potion of berserk rage {!q}
 l - a potion of agility {!q}
 m - 5 potions of curing {!q}
 t - 3 potions of resistance {!q}
 v - 3 potions of might {!q}
 z - 2 potions of flight {!q}
 B - 2 potions of mutation {!q}
Comestibles
 c - 13 rations


   Skills:
 - Level 2.1 Dodging
 - Level 2.0 Stealth
 * Level 12.5 Spellcasting
 - Level 1.3 Conjurations
 + Level 12.5 Air Magic


You had 15 spell levels left.
You knew the following spells:

 Your Spells              Type           Power        Failure   Level  Hunger
a - Airstrike             Air            ######....   1%          4    ##.....
b - Summon Lightning Spi  Summ/Air       ####....     4%          4    ##.....
c - Swiftness             Chrm/Air       ####....     1%          2    None
d - Lightning Bolt        Conj/Air       #####.....   10%         5    ####...
e - Mephitic Cloud        Conj/Pois/Air  ####....     2%          3    None
v - Blink                 Tloc           N/A          10%         2    None


Dungeon Overview and Level Annotations

Branches:
Dungeon (10/15)            Temple (0/1) D:4            Lair (0/6) D:10
    Orc (0/2) D:10

Altars:
Ashenzari
Fedhas
Hepliaklqana
Nemelex Xobeh
Okawaru
Ru
Sif Muna
Uskayaw
Vehumet

Shops:
D:4 }   D:6 %   D:8 !


Innate Abilities, Weirdness & Mutations

You have a beak for a mouth.
You have claws for feet.
You can fly.


Message History

HP restored.
You start resting.
Magic restored.
You climb downwards.
The four-headed hydra roars!
The four-headed hydra completely misses you.
The four-headed hydra bites you.
The four-headed hydra closely misses you.
The four-headed hydra bites you. The four-headed hydra bites you!
The four-headed hydra bites you.
The four-headed hydra closely misses you.
The four-headed hydra bites you!
* * * LOW HITPOINT WARNING * * *
There is a stone staircase leading up, spattered with blood here.
Casting: Lightning Bolt (safe; 10% risk of failure)
Confirm with . or Enter, or press ? or * to list all spells.
You blink.
An eye of draining and an ogre come into view.
The eye of draining gazes at you.
You feel your power leaking away.
Casting: Blink (safe; 10% risk of failure)
Confirm with . or Enter, or press ? or * to list all spells.
Aiming: Lightning Bolt (safe; 10% risk of failure)
Press: ? - help, Shift-Dir - straight line You hear a mighty clap of thunder!
The bolt of lightning hits the four-headed hydra.
The four-headed hydra is lightly wounded.
The bolt of lightning hits the four-headed hydra.
The four-headed hydra is heavily wounded.
You hear a croak.
You hear an angry hiss.
Unknown command.
Casting: Lightning Bolt (safe; 10% risk of failure)
Confirm with . or Enter, or press ? or * to list all spells.
Aiming: Lightning Bolt (safe; 10% risk of failure)
Press: ? - help, Shift-Dir - straight line You miscast Lightning Bolt.
You are very lightly contaminated with residual magic.
You feel a strange surge of energy! Sif Muna grants you divine energy.
You briefly lose access to your magic!
Unknown command.
You are unable to access your magic!
Drop what? 27/52 slots (_ for help) (? for menu, Esc to quit)
You drop a wand of polymorph (26).
The four-headed hydra bites you.
* * * LOW HITPOINT WARNING * * *
The four-headed hydra bites you!
* * * LOW HITPOINT WARNING * * *
The four-headed hydra barely misses you. x2
Unknown command.
The eye of draining gazes at you.
You regain access to your magic.
The eye of draining gazes at you.
You feel your power leaking away.
Okay, then.
Okay, then.
Okay, then.
Okay, then.
Casting: Lightning Bolt (safe; 10% risk of failure)
Confirm with . or Enter, or press ? or * to list all spells.
You miscast Blink.
Sif Muna protects you from the effects of your miscast!
Sif Muna grants you divine energy.
You briefly lose access to your magic!
The four-headed hydra bites you!
You die...

..#≈≈≈≈≈≈ ......... '.
##.≈≈≈≈≈≈≈ #.
#≈.≈≈≈≈≈≈≈ #.
≈.≈≈≈≈≈≈≈ #. #.≈≈≈≈≈≈≈
#. #.≈≈≈≈≈≈≈ +.
#.#≈≈≈≈≈≈ #. #@# ≈....
# #D# #.≈## #
#####.###.≈.. #
#....O##≈.≈.≈ #
#.##..#≈≈.≈.≈ #
#.##.G##≈.≈.≈#######
#[##..###.≈......<.#
#.../.....≈#####Z..###
#.####..####.. +.J..#>


You could see a four-headed hydra, an eye of draining and an ogre.

Vanquished Creatures
  An unseen horror (D:10)
  The ghost of zkyp the Cruncher, a novice KoGl of Gozag (D:6)
  The ghost of braks the Slasher, a novice NaGl (D:3)
  The ghost of TheNamelessOne the Firebug, a novice DsFE of Vehumet (D:7)
  A kobold demonologist (D:10)
  A hornet (D:10)
  2 slime creatures
  A hippogriff (D:9)
  Sigmund (D:2)
  A wyvern (D:9)
  A basilisk (D:10)
  Eustachio (D:6)
  A hungry ghost (D:9)
  An orc warrior (D:8)
  A water moccasin (D:9)
  4 sky beasts
  3 ice beasts
  2 phantoms
  5 ogres
  An eye of draining (D:10)
  A necrophage (D:8)
  2 centaurs (D:7)
  A crocodile (D:9)
  2 bullfrogs
  A scorpion (D:8)
  A howler monkey (D:10)
  A killer bee (D:10)
  An electric eel (D:10)
  3 crimson imps
  A centaur zombie (D:7)
  4 hounds
  A quasit (D:9)
  4 jellies
  12 orc wizards
  6 orc priests
  3 centaur skeletons
  3 iguanas (D:9)
  Natasha (thrice) (D:2)
  A statue (D:7)
  5 worker ants
  A killer bee zombie (D:10)
  2 hound skeletons (D:4)
  A worker ant zombie (D:10)
  3 gnolls (D:5)
  A howler monkey skeleton (D:7)
  10 adders
  3 shadow imps
  3 oozes
  An adder skeleton (D:4)
  An adder zombie (D:9)
  2 worms
  4 dart slugs
  6 leopard geckos
  33 orcs
  7 bats
  2 giant cockroaches (D:1)
  6 goblins
  7 hobgoblins
  4 jackals (D:2)
  11 kobolds
  8 quokkas
  2 ball pythons
  4 frilled lizards
  A leopard gecko zombie (D:7)
  8 rats
218 creatures vanquished.

Notes
Turn   | Place    | Note
-------+----------+-------------------------------------------
     0 | D:1      | Amnesiac the Tengu Air Elementalist began the quest for the Orb.
     0 | D:1      | Reached XP level 1. HP: 10/10 MP: 4/4
   137 | D:1      | Reached XP level 2. HP: 15/15 MP: 0/6
   405 | D:1      | Reached skill level 5 in Air Magic
   500 | D:1      | Reached XP level 3. HP: 19/19 MP: 1/7
   970 | D:2      | Noticed Natasha
   974 | D:2      | Killed Natasha
   974 | D:2      | Reached XP level 4. HP: 24/24 MP: 2/9
  1110 | D:2      | Noticed Natasha
  1114 | D:2      | Killed Natasha
  1211 | D:2      | Found a deep blue altar of Sif Muna.
  1227 | D:2      | Noticed Natasha
  1229 | D:2      | Became a worshipper of Sif Muna the Loreminder
  1235 | D:2      | Killed Natasha
  1235 | D:2      | Gained mutation: You can fly. [Tengu growth]
  1235 | D:2      | Reached XP level 5. HP: 19/28 MP: 4/10
  1245 | D:2      | Learned a level 4 spell: Airstrike
  1248 | D:2      | Learned a level 2 spell: Swiftness
  1571 | D:2      | Noticed Sigmund
  1583 | D:2      | Killed Sigmund
  1583 | D:2      | Reached XP level 6. HP: 24/32 MP: 1/12
  1716 | D:2      | Found a sacrificial altar of Ru.
  1831 | D:2      | Learned a level 5 spell: Lightning Bolt
  1930 | D:3      | Noticed a hand axe
  1932 | D:3      | Noticed a hand axe
  1934 | D:3      | Noticed braks's ghost (novice NaGl)
  2532 | D:3      | Found a hide-covered altar of Uskayaw.
  2610 | D:3      | Found a blossoming altar of Fedhas.
  2811 | D:3      | Reached * piety under Sif Muna
  2850 | D:3      | Killed braks's ghost
  2850 | D:3      | Reached XP level 7. HP: 36/36 MP: 0/17
  3084 | D:4      | Found a staircase to the Ecumenical Temple.
  3149 | D:4      | Got a shimmering quarterstaff
  3425 | D:4      | Reached ** piety under Sif Muna
  3425 | D:4      | Reached XP level 8. HP: 41/41 MP: 5/19
  3542 | D:4      | Found Foudaihi's Gadget Boutique.
  3604 | D:5      | Entered Level 5 of the Dungeon
  3843 | D:5      | Identified the +9 quarterstaff of Flawed Execution {flame, *Corrode rElec rPois} (You found it on level 4 of the Dungeon)
  4622 | D:6      | Found an iron altar of Okawaru.
  4680 | D:6      | Noticed zkyp's ghost (novice KoGl)
  4684 | D:6      | Killed zkyp's ghost
  4684 | D:6      | Reached *** piety under Sif Muna
  4684 | D:6      | Reached XP level 9. HP: 45/45 MP: 5/23
  4686 | D:6      | Found Teiss's Food Emporium.
  4929 | D:6      | Noticed Eustachio
  4933 | D:6      | Killed Eustachio
  5432 | D:7      | Found a radiant altar of Vehumet.
  5460 | D:7      | Noticed TheNamelessOne's ghost (novice DsFE)
  5484 | D:7      | Killed TheNamelessOne's ghost
  5484 | D:7      | Reached **** piety under Sif Muna
  5484 | D:7      | Reached skill level 10 in Spellcasting
  5484 | D:7      | Reached skill level 10 in Air Magic
  5782 | D:7      | Found a shattered altar of Ashenzari.
  6104 | D:8      | Reached XP level 10. HP: 38/50 MP: 1/25
  6486 | D:8      | Found a sparkling altar of Nemelex Xobeh.
  6487 | D:8      | Found a hazy altar of Hepliaklqana.
  6570 | D:8      | Found Vuzajaleipp's Distillery.
  6582 | D:8      | Bought a potion of heal wounds for 60 gold pieces
  7121 | D:9      | Reached ***** piety under Sif Muna
  7169 | D:9      | Identified Sif Muna's Handbook of Creative Execration (Sif Muna gifted it to you on level 9 of the Dungeon)
  7169 | D:9      | Received a gift from Sif Muna
  7174 | D:9      | Learned a level 2 spell: Blink
  7181 | D:9      | Learned a level 4 spell: Summon Lightning Spire
  7185 | D:9      | Learned a level 3 spell: Mephitic Cloud
  7744 | D:10     | Entered Level 10 of the Dungeon
  7747 | D:10     | Found a staircase to the Orcish Mines.
  7760 | D:10     | Found a staircase to the Lair.
  7927 | D:10     | Noticed a four-headed hydra
  8043 | D:10     | Noticed a kobold demonologist
  8052 | D:10     | Noticed a soul eater
  8054 | D:10     | Killed a kobold demonologist
  8054 | D:10     | Reached XP level 11. HP: 38/54 MP: 0/28
  8086 | D:10     | Noticed an unseen horror
  8221 | D:10     | Killed an unseen horror
  8347 | D:10     | Slain by a four-headed hydra

Vault maps used:
D:1:      nicolae_arrival_washed_ashore, minmay_misc_feat_chi, st_stairs_3
D:2:      lemuel_coloured_pillars_altar, lemuel_doored_altar, uniq_natasha,
          uniq_sigmund
D:3:      dancing_weapons_uskayaw, fedhas_altar_3
D:4:      minmay_temple_entry_steel_oval, serial_shops, shop
D:5:      first_ration
D:6:      okawaru_ov_weapons_minmay, serial_shops, shop, uniq_eustachio
D:7:      cheibrodos_ashenzari_chains, vehumet_statue, enter_ossuary_5
D:8:      gammafunk_temple_overflow_statue, serial_shops,
          nicolae_shop_waterfront
D:10:     minmay_bloctagon, lair_entry_dummy, orc_0_dummy, grunt_ogre_cave,
          feat_on_display, uniq_harold

Skill      XL: |  1  2  3  4  5  6  7  8  9 10 |
---------------+-------------------------------+-----
Air Magic      | 5 6 7 8 9 10 12 | 12.5
Spellcasting   | 3 6 9 10 12 | 12.5
Dodging        | |  2.1
Stealth        | |  2.0
Conjurations   | |  1.3

Action                   |  1- 3 |  4- 6 |  7- 9 | 10-12 || total
-------------------------+-------+-------+-------+-------++-------
Melee: Unarmed           |     8 |    14 |       |       ||    22
       Kick              |     2 |     3 |     4 |     4 ||    13
       Peck              |       |     2 |     2 |     3 ||     7
       Quarterstaff      |       |       |    34 |    24 ||    58
 Cast: Shock             |    55 |    64 |       |       ||   119
       Airstrike         |       |    23 |   135 |   133 ||   291
       Lightning Bolt    |       |       |       |     4 ||     4
       Blink             |       |       |       |     1 ||     1
Invok: Divine Energy     |       |     1 |       |       ||     1
 Abil: Fly               |       |       |     1 |       ||     1
  Use: Scroll            |       |     1 |    12 |       ||    13
       Potion            |       |       |     2 |       ||     2
  Eat: Chunk             |     1 |     9 |    21 |    11 ||    42
       Ration            |       |       |     1 |     1 ||     2
Armor: Robe              |     3 |     4 |    11 |     5 ||    23
Dodge: Dodged            |    12 |    18 |    32 |    47 ||   109

Table legend:
 A = Spawn XP
 B = Non-spawn XP
 C = Spawn XP percentage of total XP
 D = Spawn monster count
 E = Non-spawn monster count
 F = Spawn count percentage of total count
 G = Total turns spent on level
                    A         B        C        D         E        F      G
               +---------+---------+-------+---------+---------+-------+---------
         Total |       0 |   10255 |   0.0 |       0 |     218 |   0.0 |  8347
               +---------+---------+-------+---------+---------+-------+---------
           D:1 |       0 |      57 |   0.0 |       0 |      28 |   0.0 |   949
           D:2 |       0 |     390 |   0.0 |       0 |      25 |   0.0 |  1079
           D:3 |       0 |     568 |   0.0 |       0 |      20 |   0.0 |   892
           D:4 |       0 |     237 |   0.0 |       0 |      10 |   0.0 |   735
           D:5 |       0 |     756 |   0.0 |       0 |      26 |   0.0 |   961
           D:6 |       0 |    1308 |   0.0 |       0 |      19 |   0.0 |   656
           D:7 |       0 |    1281 |   0.0 |       0 |      20 |   0.0 |   931
           D:8 |       0 |    1175 |   0.0 |       0 |      32 |   0.0 |   674
           D:9 |       0 |    2068 |   0.0 |       0 |      24 |   0.0 |  1239
          D:10 |       0 |    2415 |   0.0 |       0 |      14 |   0.0 |   231
               +---------+---------+-------+---------+---------+-------+---------
